 Dungeon Crawl Stone Soup version 0.21-a0-92-g7bf63f6 (webtiles) character file.

3509 MackTheKnife the Grappler (level 9, -3/92 HPs)
             Began as a Troll Chaos Knight on July 1, 2017.
             Killed from afar by a hell hound (14 damage)
             ... with a blast of flame
             ... on level 8 of the Dungeon.
             The game lasted 00:12:20 (6456 turns).

MackTheKnife the Grappler (Troll Chaos Knight)      Turns: 6456, Time: 00:12:20

Health: -3/92      AC:  9    Str: 26    XL:     9   Next: 81%
Magic:  8/8        EV: 10    Int: 14    God:    Xom [....*.]
Gold:   424        SH:  0    Dex: 10    Spells: 8/8 levels left

rFire    . . .     SeeInvis .     - Unarmed
rCold    . . .     Gourm    +   (no shield)
rNeg     . . .     Faith    .   a - +2 robe
rPois    +         Spirit   .   (helmet restricted)
rElec    +         Reflect  .   (no cloak)
rCorr    .         Harm     .   (gloves unavailable)
MR       +....                  (boots unavailable)
Stlth    ++........             E - amulet "Ziasmem" {+Rage rPois Int+4}
HPRegen  0.65/turn              l - +2 ring of protection
MPRegen  0.11/turn              n - ring of protection from magic {MR+, !d}

@: about to teleport, very slightly contaminated
A: unfitting armour, claws 3, camouflage 1, clever 1, fast metabolism 3,
gourmand, regeneration 1, shaggy fur 1, electricity resistance, strong 1, tough
skin 2
a: Renounce Religion, Evoke Berserk Rage


You were on level 8 of the Dungeon.
You worshipped Xom.
You were a beloved toy of Xom.
You were not hungry.

You visited 1 branch of the dungeon, and saw 8 of its levels.
You also visited: Ossuary.

You collected 424 gold pieces.

Inventory:

Hand Weapons
 q - a +3 giant spiked club of chaos
   (You took it off a two-headed ogre on level 3 of the Dungeon)
Missiles
 c - 2 throwing nets {=f, !d}
Armour
 a - a +2 robe (worn)
Jewellery
 d - a +2 ring of strength
   (You found it on level 1 of the Dungeon)
 l - a +2 ring of protection (left claw)
   (You found it on level 2 of the Dungeon)
 m - an uncursed ring of poison resistance {rPois, !d}
   (Xom gifted it to you on level 2 of the Dungeon)
 n - a ring of protection from magic (right claw) {MR+, !d}
   (You found it on level 3 of the Dungeon)
 E - the amulet "Ziasmem" (around neck) {+Rage rPois Int+4}
   (You found it on level 6 of the Dungeon)

   [amulet of rage]

   It affects your intelligence (+4).
   It protects you from poison.
   It lets you go berserk.
Wands
 o - a wand of lightning (12/15)
   (You took it off Ijyb on level 3 of the Dungeon)
Scrolls
 h - 5 scrolls of remove curse
 i - 4 scrolls of enchant weapon
 j - 2 scrolls of teleportation
 p - a scroll of enchant armour
 x - a scroll of magic mapping {!r}
 y - a scroll of recharging
 B - 3 scrolls of identify
 F - 2 scrolls of amnesia
Potions
 e - 2 potions of might
 r - 2 potions of berserk rage {!q}
 s - 4 potions of curing
 t - 2 potions of agility {unknown}
 u - 3 potions of mutation {!q}
 v - a potion of haste {unknown}
 z - 2 potions of lignification {unknown}
 C - a potion of flight {unknown}
 D - a potion of ambrosia
 H - a potion of magic {unknown}
Books
 A - a book of Cantrips
   (You found it on level 5 of the Dungeon)
 G - a book of Battle
   (You found it on level 7 of the Dungeon)
Comestibles
 b - 9 bread rations {@e1}
 f - 5 meat rations {@e2}
 g - 2 fruits
 k - 10 royal jellies


   Skills:
 + Level 6.7 Fighting
 - Level 1.9 Dodging
 - Level 12.0 Unarmed Combat


You had 8 spell levels left.
You didn't know any spells.

Dungeon Overview and Level Annotations

Branches:
Dungeon (8/15)             Temple (0/1) D:5            Lair (0/6) D:8

Altars:
Dithmenos
Elyvilon
Hepliaklqana
Nemelex Xobeh
Ru
Xom
The Shining One

Shops:
D:8 [


Innate Abilities, Weirdness & Mutations

You are too large for most types of armour.
You have claws for hands.
Your metabolism is lightning-fast.
You like to eat raw meat.
Your natural rate of healing is unusually fast.
You are covered in fur. (AC +1)
You have very tough skin. (AC +2)
Your skin changes colour to match your surroundings (Stealth+).
Your mind is acute. (Int +2)
You are resistant to electric shocks. (rElec)
Your muscles are strong. (Str +2)


Message History

a scythe; a robe; an iguana skeleton Eating a chunk of flesh {@w0}.
You eat the chunk of flesh {@w0}.
This raw flesh tastes great.
Xom complains about the scenery.
A door bursts open!
You now have 404 gold pieces (gained 10).
There is an open door here.
An adder comes into view.
You are feeling hungry.
An adder is nearby!
An adder is nearby!
No target in view!
No target in view!
No target in view!
No target in view!
No target in view!
What are your orders? t - Shout!
Orders for allies: a - Attack new target. r - Retreat! s - Stop attacking. g - Guard the area. f - Follow me.
Anything else - Cancel.
You shout for attention!
You hear an angry hiss.
The adder bites you but does no damage.
You claw the adder!
You kill the adder!
No target in view!
No target in view!
You see here an adder corpse.
You butcher the adder corpse.
I - 2 chunks of flesh {@w0} You see here an adder skeleton.
Eating one of 2 chunks of flesh {@w0}.
You eat one of the 2 chunks of flesh {@w0}.
This raw flesh tastes great.
Eating a chunk of flesh {@w0}.
You eat the chunk of flesh {@w0}.
This raw flesh tastes great.
As you open the door, it creaks loudly!
There is an open door here.
You see here a bardiche.
You now have 424 gold pieces (gained 20). 2 hell hounds come into view.
Found a staircase to the Lair.
There are monsters nearby!
There are monsters nearby!
No reachable target in view!
No reachable target in view!
No reachable target in view!
Unknown command.
The hell hound breathes flames at you. The blast of flame hits you!
You take 11 damage, and have 81/92 hp.
Xom guffaws.
The hell hound breathes flames at you. The blast of flame hits your wolf.
The blast of flame hits you!
You take 17 damage, and have 65/92 hp.
You swap places.
The hell hound barely misses you.
You barely miss the hell hound. The hell hound bites you.
You take 3 damage, and have 62/92 hp.
You closely miss the hell hound. The hell hound bites you.
You take 1 damage, and have 61/92 hp.
You miss the hell hound. The hell hound bites you!
The hell hound breathes flames at you.
The blast of flame hits the hell hound.
The hell hound completely resists.
The blast of flame hits you! The blast of flame hits your wolf.
Your wolf dies!
Your wolf's corpse degenerates into a cloud of primal chaos!
The hell hound breathes flames at you. The blast of flame hits you!
You take 23 damage, and have 38/92 hp.
MASSIVE DAMAGE!!
You mangle the hell hound!! The hell hound bites you.
You take 2 damage, and have 36/92 hp.
You closely miss the hell hound. The hell hound bites you.
You take 6 damage, and have 30/92 hp.
You barely miss the hell hound. Your claw misses the hell hound.
The hell hound breathes flames at you. The blast of flame hits you!
* * * LOW HITPOINT WARNING * * *
You take 13 damage, and have 17/92 hp.
Unknown command.
You closely miss the hell hound. The hell hound bites you!
* * * LOW HITPOINT WARNING * * *
You take 7 damage, and have 10/92 hp.
Unknown command.
Okay, then.
Really read
w - a scroll of blinking {!r}?
Blink to where?
You are very lightly contaminated with residual magic.
As you read the scroll of blinking {!r}, it crumbles to dust. 2 gnolls come into view.
The gnoll shouts! 2 gnolls come into view.
As you read the scroll of teleportation, it crumbles to dust.
You feel strangely unstable.
The gnoll shouts! x2
The hell hound breathes flames at you. The blast of flame hits you!
You die...
Xom cackles wildly!

....................
.##.#.#..#####..#...
..(........#...#...
......h.####...#...
.......h.# #...##..
#.##.#....####...##..
gg##.##.#...........##..
....................##..
.......@.......###..##..
.gg.................##..
..#.................##..
........................
..................#.####
........................
..###.#.##.######.#.####
.. #.#.# .# #.#.# #.#.#


You could see 2 hell hounds and 4 gnolls.

Vanquished Creatures
  A two-headed ogre (D:3)
  A spriggan (D:7)
  A wraith (Ossuary)
  Menkaure (D:6)
  An orc warrior (D:6)
  A black bear (D:7)
  A phantom (D:5)
  A necrophage (D:7)
  2 ogres
  5 centaurs
  2 bullfrogs (D:6)
  2 elf skeletons (D:5)
  A scorpion (D:7)
  5 killer bees (D:7)
  A howler monkey (D:4)
  A centaur zombie (D:6)
  A crimson imp (D:5)
  2 jellies (D:7)
  A human zombie (D:5)
  5 hounds
  An orc wizard (D:7)
  2 human skeletons (D:5)
  Jessica (D:3)
  2 iguanas
  Ijyb (D:3)
  8 worker ants
  2 hound zombies
  A hound skeleton (D:4)
  A mummy (Ossuary)
  Robin (D:3)
  A worker ant zombie (D:6)
  8 gnolls
  9 adders
  4 shadow imps
  2 oozes
  2 adder zombies
  A worm (D:2)
  2 dart slugs
  6 leopard geckos
  10 orcs
  4 giant cockroaches
  12 goblins
  11 hobgoblins
  19 jackals
  4 kobolds
  5 quokkas
  3 ball pythons
  3 bats (D:3)
  6 frilled lizards
  5 gnoll skeletons (Ossuary)
  5 kobold skeletons (Ossuary)
  A leopard gecko skeleton (D:3)
  14 orc skeletons (Ossuary)
  An orc zombie (D:5)
  A quokka zombie (D:5)
  11 rats
206 creatures vanquished.

Vanquished Creatures (collateral kills)
  An adder (D:3)
  A bat (D:3)
  A rat (D:3)
3 creatures vanquished.

Vanquished Creatures (others)
  A dancing weapon (D:3)
1 creature vanquished.

Grand Total: 210 creatures vanquished

Notes
Turn   | Place    | Note
-------+----------+-------------------------------------------
     0 | D:1      | MackTheKnife the Troll Chaos Knight began the quest for the Orb.
     0 | D:1      | Reached XP level 1. HP: 22/22 MP: 0/0
   101 | D:1      | XOM: potion effect (brilliance)
   137 | D:1      | XOM: harmless Pois miscast
   211 | D:1      | Reached XP level 2. HP: 29/29 MP: 1/1
   466 | D:1      | Reached skill level 4 in Unarmed Combat
   594 | D:1      | XOM: stat loss: -1 Str (20/21)
   642 | D:1      | XOM: scenery: 1 doors open
  1013 | D:2      | XOM is BORED!
  1272 | D:2      | Found a shadowy altar of Dithmenos.
  1297 | D:2      | Reached XP level 3. HP: 36/36 MP: 2/2
  1671 | D:2      | XOM: god gift: sapphire ring {god gift}
  1806 | D:3      | Reached skill level 5 in Unarmed Combat
  1806 | D:3      | Reached XP level 4. HP: 42/44 MP: 3/3
  1900 | D:3      | Noticed Jessica
  1902 | D:3      | XOM: confuse monster(s)
  1906 | D:3      | Killed Jessica
  1906 | D:3      | XOM: enchant monster (good)
  1911 | D:3      | Reached XP level 5. HP: 50/50 MP: 4/4
  2016 | D:3      | Found a sacrificial altar of Ru.
  2046 | D:3      | Noticed Robin
  2051 | D:3      | XOM: divination: magic mapping
  2058 | D:3      | Reached skill level 6 in Unarmed Combat
  2075 | D:3      | Killed Robin
  2114 | D:3      | XOM: god gift: scroll labeled FEEKESEBEA {god gift}
  2136 | D:3      | Noticed Ijyb
  2154 | D:3      | Killed Ijyb
  2235 | D:3      | XOM: summons 1 hostile demon
  2293 | D:3      | Noticed a two-headed ogre
  2300 | D:3      | XOM: butterfly on damage
  2302 | D:3      | XOM: harmless Chrm miscast
  2370 | D:3      | XOM: butterfly on damage
  2371 | D:3      | HP: 2/50 [two-headed ogre/giant spiked club (20)]
  2378 | D:3      | XOM: chaos upgrade
  2379 | D:3      | XOM: harmless Tmut miscast
  2409 | D:3      | XOM: confuse monster(s)
  2414 | D:3      | Killed a two-headed ogre
  2414 | D:3      | Reached skill level 9 in Unarmed Combat
  2414 | D:3      | Reached XP level 6. HP: 30/59 MP: 5/5
  2414 | D:3      | Reached XP level 7. HP: 33/66 MP: 6/6
  2773 | D:4      | XOM: god gift: emerald potion {god gift}
  2939 | D:4      | XOM: god gift: great mace {god gift}
  3096 | D:4      | Reached XP level 8. HP: 73/74 MP: 7/7
  3251 | D:4      | XOM: give mutations
  3251 | D:4      | Gained mutation: Your mind is acute. (Int +2) [Xom's grace]
  3251 | D:4      | Gained mutation: Your skin changes colour to match your surroundings (Stealth+). [Xom's grace]
  3251 | D:4      | Gained mutation: You are resistant to electric shocks. (rElec) [Xom's grace]
  3251 | D:4      | Gained mutation: Your muscles are strong. (Str +2) [Xom's grace]
  3300 | D:4      | XOM: god gift: scroll of enchant armour
  3317 | D:5      | Entered Level 5 of the Dungeon
  3357 | D:5      | XOM: divination: detect items
  3364 | D:5      | Reached skill level 10 in Unarmed Combat
  3395 | D:5      | Found a sand-covered staircase.
  3403 | Ossuary  | XOM: stealth player
  3403 | Ossuary  | Entered an ossuary
  3627 | D:5      | XOM: confuse monster(s)
  3671 | D:5      | Reached skill level 11 in Unarmed Combat
  3738 | D:5      | Found a staircase to the Ecumenical Temple.
  4126 | D:5      | Found a sparkling altar of Nemelex Xobeh.
  4458 | D:6      | Got a clouded platinum amulet
  4459 | D:6      | Identified the amulet "Ziasmem" {+Rage rPois Int+4} (You found it on level 6 of the Dungeon)
  4553 | D:6      | Reached XP level 9. HP: 71/80 MP: 8/8
  4589 | D:6      | Found a shimmering altar of Xom.
  4598 | D:6      | XOM: medium Fire miscast
  4603 | D:6      | Found a glowing golden altar of the Shining One.
  4603 | D:6      | XOM: 4-stop teleportation journey
  4678 | D:6      | Noticed Menkaure
  4681 | D:6      | Killed Menkaure
  4681 | D:6      | Reached skill level 12 in Unarmed Combat
  4707 | D:6      | XOM: harmless Tloc miscast
  4728 | D:6      | XOM: blink monster(s)
  4729 | D:6      | XOM: summons 9 friendly demons
  4733 | D:6      | Reached skill level 3 in Fighting
  5175 | D:7      | XOM: harmless Air miscast
  5180 | D:7      | Reached skill level 4 in Fighting
  5185 | D:7      | Found a white marble altar of Elyvilon.
  5185 | D:7      | XOM: 2-stop teleportation journey
  5304 | D:7      | XOM: 5-stop teleportation journey
  5378 | D:7      | Reached skill level 5 in Fighting
  5452 | D:7      | XOM: summons friendly crimson imp
  5460 | D:7      | HP: 22/88 [centaur (3)]
  5890 | D:7      | Reached skill level 6 in Fighting
  5956 | D:7      | XOM: harmless Summ miscast
  5963 | D:7      | XOM: harmless Summ miscast
  6046 | D:7      | Found a hazy altar of Hepliaklqana.
  6065 | D:7      | XOM: 9-stop teleportation journey
  6098 | D:8      | Found Sietunuf's Armour Shoppe.
  6173 | D:8      | XOM: god gift: royal jelly
  6289 | D:8      | XOM: scenery: 1 doors open
  6436 | D:8      | Found a staircase to the Lair.
  6446 | D:8      | XOM: cast spell 'Call Canine Familiar'
  6453 | D:8      | HP: 17/92 [hell hound/blast of flame (14)]
  6456 | D:8      | Killed from afar by a hell hound

Vault maps used:
D:1:      minmay_arrival_solitary_statue
D:2:      nicolae_dithmenos_through_a_glass_darkly,
          chequers_ecumenical_altar_grove, first_bread, serial_forest,
          infiniplex_forest_clump_curved, infiniplex_forest_end_2,
          infiniplex_forest_straight_2, infiniplex_forest_fountain,
          infiniplex_forest_lined_room_3, infiniplex_forest_clump_diagonal,
          infiniplex_forest_lined_corner, minmay_misc_feat_iff,
          kennysheep_generic_room_14
D:3:      nicolae_ru_awakened_eye, minmay_divided_ellipse, uniq_robin,
          uniq_ijyb, uniq_jessica
D:4:      serial_bayou, serial_bayou_lake_a, serial_bayou_crossing,
          serial_bayou_lagoon_a, serial_bayou_pond_c, serial_bayou_pond_b,
          wad_floor_pattern_1
D:5:      lemuel_doored_altar, minmay_temple_entry_junction_2,
          nicolae_ossuary_entry_catacombs, hangedman_decor_slide_cut,
          roderic_three_in_a_row
D:6:      nicolae_tso_carved_into_rock, minmay_door_square, tgw_xom,
          uniq_menkaure
D:7:      lemuel_ice_spiral_2, marbit_many_paths, lemuel_coloured_pillars_altar,
          minivault_27, roderic_cross_of_infinity, the_bakery
D:8:      minmay_lair_entry_lava, serial_shops, shop, sigmund_army
Ossuary:  ossuary_due_mausoleum

Skill      XL: |  1  2  3  4  5  6  7  8  9 |
---------------+----------------------------+-----
Unarmed Combat | 4 5 9 11 12 | 12.0
Fighting       | 6 |  6.7
Dodging        | |  1.9

Action                   |  1- 3 |  4- 6 |  7- 9 || total
-------------------------+-------+-------+-------++-------
Melee: Unarmed           |    99 |   114 |   351 ||   564
       Punch             |       |     6 |    18 ||    24
Throw: Large rock        |     1 |       |       ||     1
  Use: Scroll            |     5 |     3 |     9 ||    17
       Potion            |       |     1 |     1 ||     2
 Stab: Sleeping          |     1 |       |    11 ||    12
  Eat: Chunk             |    12 |    15 |    25 ||    52
       Bread ration      |       |       |     1 ||     1
Armor: Robe              |    40 |    39 |   108 ||   187
Dodge: Dodged            |    44 |    52 |   138 ||   234

Vault maps used:
D:1:      minmay_arrival_solitary_statue
D:2:      nicolae_dithmenos_through_a_glass_darkly,
          chequers_ecumenical_altar_grove, first_bread, serial_forest,
          infiniplex_forest_clump_curved, infiniplex_forest_end_2,
          infiniplex_forest_straight_2, infiniplex_forest_fountain,
          infiniplex_forest_lined_room_3, infiniplex_forest_clump_diagonal,
          infiniplex_forest_lined_corner, minmay_misc_feat_iff,
          kennysheep_generic_room_14
D:3:      nicolae_ru_awakened_eye, minmay_divided_ellipse, uniq_robin,
          uniq_ijyb, uniq_jessica
D:4:      serial_bayou, serial_bayou_lake_a, serial_bayou_crossing,
          serial_bayou_lagoon_a, serial_bayou_pond_c, serial_bayou_pond_b,
          wad_floor_pattern_1
D:5:      lemuel_doored_altar, minmay_temple_entry_junction_2,
          nicolae_ossuary_entry_catacombs, hangedman_decor_slide_cut,
          roderic_three_in_a_row
D:6:      nicolae_tso_carved_into_rock, minmay_door_square, tgw_xom,
          uniq_menkaure
D:7:      lemuel_ice_spiral_2, marbit_many_paths, lemuel_coloured_pillars_altar,
          minivault_27, roderic_cross_of_infinity, the_bakery
D:8:      minmay_lair_entry_lava, serial_shops, shop, sigmund_army
Ossuary:  ossuary_due_mausoleum

Table legend:
 A = Turns spent in this place as a percentage of turns spent in the entire game.
 B = Non-inter-level travel turns spent in this place as a percentage of non-inter-level travel turns spent in the entire game.
 C = Inter-level travel turns spent in this place as a percentage of turns spent in this place.
 D = Turns resting spent in this place as a percentage of non-inter-level travel turns spent in this place.
 E = Turns spent auto-exploring this place as a percentage of non-inter-level travel turns spent in this place.
 F = Non-inter-level travel turns spent in this place divided by the number of levels of this place that you've seen.
                   A       B       C       D       E      F
               +-------+-------+-------+-------+-------+----------------------
         Total | 100.0 | 100.0 |   0.4 |   0.9 |  11.4 | 241.0
       Dungeon |  93.1 |  93.1 |   0.4 |   0.9 |  11.6 | 252.4
       Ossuary |   6.9 |   6.9 |   0.0 |   0.0 |   8.7 | 150.0
               +-------+-------+-------+-------+-------+----------------------

Table legend:
 A = Kills in this place as a percentage of kills in entire the game.
 B = Kills by you in this place as a percentage of kills by you in the entire game.
 C = Kills by friends in this place as a percentage of kills by friends in the entire game.
 D = Other kills in this place as a percentage of other kills in the entire game.
 E = Experience gained in this place as a percentage of experience gained in the entire game.
 F = Experience gained in this place divided by the number of levels of this place that you have seen.
                   A       B       C       D       E      F
               +-------+-------+-------+-------+-------+----------------------
         Total | 100.0 | 100.0 | 100.0 |  -nan | 100.0 | 557.0
       Dungeon |  87.6 |  87.4 | 100.0 |  -nan |  94.9 | 594.6
       Ossuary |  12.4 |  12.6 |   0.0 |  -nan |   5.1 | 256.0
               +-------+-------+-------+-------+-------+----------------------
